 Dungeon Crawl Stone Soup version 0.31-a0-833-gc15d34cb79 (webtiles) character file.

Game seed: 17598198326246744000

53 LeprechaunX the Changeling (level 3, 0/24 HPs)
             Began as an Octopode Shapeshifter on Sept 25, 2023.
             Killed by nerve-wracking pain
             ... invoked by Jessica
              (7 damage)
             ... on level 2 of the Dungeon.
             The game lasted 00:02:06 (1123 turns).

LeprechaunX the Changeling (Octopode Shapeshifter)  Turns: 1123, Time: 00:02:07

Health: 0/24       AC:  1    Str: 15    XL:     3   Next: 87%
Magic:  3/3        EV: 13    Int: 12    God:
Gold:   103        SH:  0    Dex: 11    Spells: 2/2 levels left

rFire   . .          .
                       - Unarmed
rCold   . . .        (no shield)
rNeg    . . .        (helmet currently unavailable)
rPois   .            (no amulet)
rElec   .            (no ring)
rCorr   .            (no ring)
SInv    .            (no ring)
Will    .....        (no ring)
Stlth   ++           (no ring)
HPRegen 0.24/turn    (no ring)
MPRegen 0.08/turn    (no ring)
                     (no ring)

%: no passive effects
@: beast-form
A: beast (slay +2), almost no armour, amphibious, 8 rings, camouflage 1,
gelatinous body 1, (nimble swimmer 1), tentacles
a: Begin Untransformation


You were on level 2 of the Dungeon.
You were a hulking beast.
You visited 1 branch of the dungeon, and saw 2 of its levels.

You collected 103 gold pieces.

Inventory:

Hand Weapons
 l - a +0 sling
Talismans
 b - a beast talisman (active)
 c - a flux talisman
Scrolls
 d - a scroll of teleportation {unknown}
 f - 2 scrolls of identify {unknown}
 g - a scroll of fear {unknown}
 j - a scroll of immolation {unknown}
Potions
 a - a potion of lignification
 e - a potion of might {unknown}
 h - a potion of enlightenment {unknown}
 i - a potion of cancellation {unknown}
 k - a potion of heal wounds {unknown}


   Skills:
 + Level 1.8 Fighting
 + Level 2.5 Dodging
 + Level 3.3 Unarmed Combat
 * Level 3.5 Shapeshifting


You had 2 spell levels left.
You didn't know any spells.
Your spell library was empty.

Dungeon Overview and Level Annotations

Branches:
Dungeon (2/15)

Altars:

Annotations:
D:2 Jessica


Innate Abilities, Weirdness & Mutations

You are a hulking beast.
Your limbs bulge with bestial killing power. (Slay +2)
You cannot wear most types of armour.
You are amphibious.
You can wear up to eight rings at the same time.
Your skin changes colour to match your surroundings (Stealth+).
Your rubbery body absorbs attacks. (AC +1, EV +1)
((You are camouflaged when in or above water. (Stealth+)))
You have tentacles for arms and can constrict up to eight enemies at once.


Message History

Jessica shouts!
Jessica looks very angry.
Jessica is nearby!
Jessica is nearby!
Jessica is nearby!
Found 8 gold pieces.
Jessica hits you with a +0 club.
You closely miss Jessica. Your grab misses Jessica.
Jessica hits you with a +0 club.
You tentacle-slap Jessica but do no damage.
Your grab misses Jessica. You squeeze Jessica, but do no damage.
Jessica casts a spell.
Jessica blinks!
Jessica points at you and mumbles some strange words.
Pain shoots through your body!
Ouch! That really hurt!
* * * LOW HITPOINT WARNING * * *
You are too injured to fight recklessly!
You are too injured to fight recklessly!
You are too injured to fight recklessly!
You are too injured to fight recklessly!
You are too injured to fight recklessly!
You are too injured to fight recklessly!
You are too injured to fight recklessly!
You are too injured to fight recklessly!
You are too injured to fight recklessly!
You are too injured to fight recklessly!
You are too injured to fight recklessly!
You are too injured to fight recklessly!
You are too injured to fight recklessly!
You are too injured to fight recklessly!
You are too injured to fight recklessly!
You are too injured to fight recklessly!
You are too injured to fight recklessly!
You are too injured to fight recklessly!
You are too injured to fight recklessly!
You are too injured to fight recklessly!
Jessica shouts, "You're disturbing me!
I'll have to kill you!" Jessica gestures at you while chanting.
Pain shoots through your body!
You die...

#.........##.##
#.........##..###
#.......[.......#
#######.......#.#
# ##.[....#.## #
##........#######
#
#.[...#.........
#
#.#####..#######
# #.# ##h#####
#########.#
#.....#
##........#
#####@#####
##.########
#.....# .#.#
#####.# .#.# #.#
.#.# #######@###
.#.#
.##.........#
.#.#
......@.....#


You could see Jessica.

Vanquished Creatures
  An adder (D:2)
  3 dart slugs (D:1)
  2 bats (D:1)
  3 endoplasms (D:1)
  4 hobgoblins (D:1)
  4 jackals (D:2)
  2 quokkas
  3 ball pythons (D:1)
  5 kobolds (D:1)
  9 rats
36 creatures vanquished.

Notes
Turn   | Place    | Note
-------+----------+-------------------------------------------
     0 | D:1      | LeprechaunX the Octopode Shapeshifter began the quest for
                  | the Orb.
     0 | D:1      | Reached XP level 1. HP: 13/13 MP: 1/1
   122 | D:1      | Reached XP level 2. HP: 12/18 MP: 2/2
   210 | D:1      | Found a faded altar of an unknown god.
   474 | D:1      | Reached XP level 3. HP: 23/23 MP: 3/3
  1107 | D:2      | Noticed Jessica
  1123 | D:2      | Killed from afar by Jessica

Illustrated notes

Levels and vault maps discovered:
D:1:      amcnicky_arrival_choice, layout_loops_ring,
          shapermc_ecumenical_altar_mp_highgroup, serial_bayou_lagoon_a,
          minmay_rat_gold_closets
D:2:      layout_basic, minmay_pentomino_s4, uniq_jessica

Action                     || total
---------------------------++-------
  Melee: Unarmed           ||    69
         Tentacles         ||    11
         Constrict         ||    22
         Punch             ||     1
   Stab: Sleeping          ||    11
 Armour: Skin              ||    20
  Dodge: Dodged            ||    28

Table legend: (Time is in decaauts)
 A = Elapsed time spent in this place.
 B = Non-inter-level travel time spent in this place.
 C = Inter-level travel time spent in this place.
 D = Time resting spent in this place.
 E = Time spent auto-exploring this place.
 F = Levels seen in this place.
 G = Mean time per level.
                   A        B        C        D        E       F      G
               +--------+--------+--------+--------+--------+-----+--------+
         Total |   1118 |   1017 |    101 |      0 |    791 |   2 |  559.0 |
       Dungeon |   1118 |   1017 |    101 |      0 |    791 |   2 |  559.0 |
               +--------+--------+--------+--------+--------+-----+--------+

Top non-repeatable levels by time:
     D:1: 926 daAuts
     D:2: 192 daAuts
